 Dungeon Crawl Stone Soup version 0.17-a0-1-g1f4be75 (webtiles) character file.

4685 McCoppin the Spear-Bearer (level 10, 0/79 HPs)
             Began as a Formicid Fighter on Mar 7, 2015.
             Was a Believer of Qazlal.
             Succumbed to a killer bee's poison
             ... on level 9 of the Dungeon.
             The game lasted 00:45:31 (9845 turns).

McCoppin the Spear-Bearer (Formicid Fighter)        Turns: 9845, Time: 00:45:31

Health: 0/79       AC: 19    Str: 24      XL:     10   Next: 72%
Magic:  0/22       EV:  7    Int: 10 (12) God:    Qazlal [**....]
Gold:   523        SH: 15    Dex: 10      Spells: 0 memorised, 9 levels left

rFire  + . .     SeeInvis +     l - +1 halberd (curse)
rCold  + . .     Clarity  .     I - +2 plate armour {rC+}
rNeg   . . .     SustAb   .     c - +1 shield
rPois  .         Gourm    .     (helmet unavailable)
rElec  .         Spirit   +     (no cloak)
rCorr  .         Warding  .     (no gloves)
rMut   .         Stasis   +     s - +1 pair of boots
MR     ++...     NoCast   +     v - amulet of guardian spirit
Stlth  ..........               j - ring "Phoehuirph" {-Cast rF+ MR+ MP+9 AC+2 Int+4}
                                t - ring of flight

@: lethally poisoned (0 -> -27), very resistant to hostile enchantments,
extremely unstealthy
A: permanent stasis, dig shafts and tunnels, four strong arms, antennae 3
a: Dig, Shaft Self, Upheaval, Renounce Religion, Evoke Flight


You were on level 9 of the Dungeon.
You worshipped Qazlal.
Qazlal was pleased with you.
You were very hungry.

You visited 2 branches of the dungeon, and saw 10 of its levels.

You collected 523 gold pieces.

Inventory:

Hand weapons
 a - a +0 trident
 l - a cursed +1 halberd (weapon)
 r - a cursed -3 blowgun
Missiles
 u - 31 poisoned needles
Armour
 b - a +0 scale mail
 c - a +1 shield (worn)
 f - a +2 ring mail of fire resistance
 k - a +0 scale mail
 s - a +1 pair of boots (worn)
 I - a +2 plate armour of cold resistance (worn)
Magical staves
 p - an uncursed staff of air
Jewellery
 j - the ring "Phoehuirph" (right hand) {-Cast rF+ MR+ MP+9 AC+2 Int+4}
   (You found it on level 4 of the Dungeon)

   [ring of protection]

   It affects your AC (+2).
   It affects your intelligence (+4).
   It protects you from fire.
   It affects your resistance to hostile enchantments.
   It affects your magic capacity (+9).
   It prevents spellcasting.
 t - a ring of flight (left hand)
 v - an amulet of guardian spirit (around neck)
Magical devices
 y - a wand of lightning (3)
 C - a wand of disintegration (16)
 G - a wand of frost (21)
Scrolls
 e - a scroll of immolation
 g - 6 scrolls of identify
 h - a scroll of enchant armour
 x - a scroll of magic mapping
 A - a scroll of enchant weapon
 F - a scroll of recharging
 H - a scroll of remove curse
Potions
 m - a potion of restore abilities {unknown}
 n - a potion of poison
 o - a potion of cure mutation
 E - a potion of brilliance {unknown}
Books
 i - a book of Cantrips

   Spells                             Type                      Level
   a - Corona                         Hexes                        1
   b - Animate Skeleton               Necromancy                   1
   c - Summon Small Mammal            Summoning                    1
   d - Apportation                    Translocation                1
Comestibles
 d - 5 bread rations
 q - 3 meat rations
 B - a beef jerky


   Skills:
 + Level 7.5 Fighting
 - Level 10.0 Polearms
 + Level 7.9 Armour
 - Level 9.1 Shields


You had 9 spell levels left.
You didn't know any spells.

Dungeon Overview and Level Annotations

Branches:
Dungeon (9/15)             Temple (1/1) D:5
   Lair: D:8-11         Orc: D:9-12

Altars:
Ashenzari
Cheibriados
Dithmenos
Elyvilon
Fedhas
Gozag
Kikubaaqudgha
Makhleb
Nemelex Xobeh
Qazlal
Ru
Sif Muna
Trog
Vehumet
Xom
Yredelemnul
Zin
The Shining One


Innate Abilities, Weirdness & Mutations

You are under a permanent stasis effect.
You can dig through walls and to a lower floor.
Your four strong arms can wield two-handed weapons with a shield.
You have a pair of large antennae on your head (SInv).


Message History

The killer bee stings you.
* * * LOW HITPOINT WARNING * * *
You block the killer bee's attack.
The killer bee is struck by lightning.
You kill the killer bee!
Qazlal accepts your kill.
The killer bee stings you but does no damage.
You hear an angry buzzing noise.
You hear a loud, deep croak!
You hear an angry buzzing noise. x2
Drink which item? (? for menu, Esc to quit)
Okay, then.
Read which item? (? for menu, Esc to quit)
Okay, then.
Unknown command.
Drink which item? (? for menu, Esc to quit)
Okay, then.
Drink which item? (? for menu, Esc to quit)
It was a potion of degeneration.
There was something very wrong with that liquid.
You feel dopey.
You die...

.#,,,*#**** #{K.#♣♣.♣♣.##.####
##*,,** ##{..♣#'#♣.##.# ****,,***
##{##..'_'..##.# ,,,,,,,,*
##.###'♣#'#♣###.# ,,,,,,,,*
#.Ko...♣♣.♣♣###.###* ,>,,,,,,*
#.......#.........., ,,,,,,,,*
#†.Ks...'..####.###* ,,,,,,,,*
#.yy§...#### *,*
,,,,,,,,*****#.y@....# **,*
,,,,,,,,'....'.......# *,,*
,_,,,,,,*#####.<.)...# *,**
,,,,,,,,* #.......# *,* *,*******
##%.###### *,* *,,,****
###..####### *,*****
,,,,,,,***#.......5.># *,,,,,*
,,,,,,,*#.'..........##****',*,,*
,,,,,,,*#..............,,,,,,,,,,


You could see an orc warrior, a big kobold, a scorpion, 3 killer bees and a
kobold.

Vanquished Creatures
  Pikel (D:4)
  The ghost of 4thArraOfDagon the Twirler, an experienced DEGl of Cheibriados (D:8)
  Prince Ribbit (D:8)
  A hungry ghost (D:8)
  3 orc warriors
  2 ice beasts (D:6)
  A phantom (D:8)
  5 sky beasts
  5 ogres
  2 centaurs
  5 giant frogs
  4 scorpions
  10 killer bees
  4 goliath beetles
  2 jellies
  5 crimson imps
  A giant frog zombie (D:6)
  A centaur skeleton (D:4)
  An orc priest (D:7)
  A quasit (D:7)
  A giant frog skeleton (D:5)
  2 hounds (D:8)
  7 worker ants
  3 orc wizards
  An iguana (D:6)
  A mummy (D:8)
  4 gnolls (D:4)
  2 hound skeletons
  6 adders
  5 worms
  A giant mite (D:3)
  An adder zombie (D:8)
  5 giant geckos
  2 oozes
  20 orcs
  2 bat skeletons
  16 goblins
  7 hobgoblins
  4 jackals
  3 ball pythons
  14 bats
  6 giant cockroaches
  A giant cockroach zombie (D:6)
  5 giant newts
  12 kobolds
  4 quokkas
  14 rats
205 creatures vanquished.

Vanquished Creatures (others)
  A bat (D:1)
1 creature vanquished.

Grand Total: 206 creatures vanquished

Notes
Turn   | Place    | Note
--------------------------------------------------------------
     0 | D:1      | McCoppin, the Formicid Fighter, began the quest for the Orb.
     0 | D:1      | Reached XP level 1. HP: 18/18 MP: 1/1
   197 | D:1      | Reached XP level 2. HP: 24/24 MP: 3/3
   651 | D:1      | Reached XP level 3. HP: 29/29 MP: 4/4
  1181 | D:2      | Found a shattered altar of Ashenzari.
  1562 | D:2      | Reached skill level 4 in Polearms
  1562 | D:2      | Reached XP level 4. HP: 28/35 MP: 5/5
  2216 | D:3      | Reached XP level 5. HP: 28/41 MP: 7/7
  2447 | D:3      | Reached skill level 5 in Polearms
  3215 | D:4      | Noticed a slave
  3216 | D:4      | Noticed Pikel
  3217 | D:4      | Noticed a slave
  3309 | D:4      | Reached XP level 6. HP: 45/47 MP: 8/8
  3336 | D:4      | Noticed an ogre
  3346 | D:4      | Killed an ogre
  3346 | D:4      | Reached skill level 6 in Polearms
  3729 | D:4      | Reached XP level 7. HP: 15/52 MP: 2/9
  3906 | D:4      | Got a slimy steel ring
  3907 | D:4      | Identified the ring "Phoehuirph" {-Cast rF+ MR+ MP+9 AC+2 Int+4} (You found it on level 4 of the Dungeon)
  3962 | D:4      | Reached skill level 7 in Polearms
  4028 | D:4      | Killed Pikel
  4028 | D:4      | Reached skill level 8 in Polearms
  4028 | D:4      | Reached XP level 8. HP: 44/58 MP: 11/11
  4071 | D:4      | Noticed a freed slave
  4114 | D:4      | Reached skill level 9 in Polearms
  4379 | D:5      | Entered Level 5 of the Dungeon
  5077 | D:5      | Found a staircase to the Ecumenical Temple.
  5085 | Temple   | Entered the Ecumenical Temple
  5198 | Temple   | Became a worshipper of Qazlal Stormbringer
  5809 | D:6      | Reached skill level 10 in Polearms
  6413 | D:6      | Reached skill level 5 in Shields
  6413 | D:6      | Reached XP level 9. HP: 62/64 MP: 12/12
  7428 | D:7      | Acquired Qazlal's first power
  8093 | D:8      | Noticed 4thArraOfDagon's ghost (experienced DEGl)
  8105 | D:8      | Killed 4thArraOfDagon's ghost
  8105 | D:8      | Reached skill level 5 in Armour
  8105 | D:8      | Reached XP level 10. HP: 63/73 MP: 13/13
  8233 | D:8      | Reached skill level 5 in Fighting
  8243 | D:8      | Noticed Prince Ribbit
  8610 | D:8      | Killed Prince Ribbit
  8948 | D:8      | Acquired Qazlal's second power
  9662 | D:9      | Found a white marble altar of Elyvilon.
  9844 | D:9      | HP: 3/79 [killer bee (1)]
  9844 | D:9      | HP: 1/79 [killer bee (1)]
  9845 | D:9      | Succumbed to a killer bee's poison

Action                   |  1- 3 |  4- 6 |  7- 9 | 10-12 || total
-------------------------+-------+-------+-------+-------++-------
Melee: Trident           |   141 |   207 |   149 |       ||   497
       Halberd           |       |       |   254 |   340 ||   594
 Abil: Dig               |       |       |     3 |     3 ||     6
  Use: Scroll            |     6 |     4 |     4 |     2 ||    16
       Potion            |     1 |     2 |     4 |     5 ||    12
  Eat: Chunk             |     2 |     2 |     1 |       ||     5
       Meat ration       |       |     1 |     2 |       ||     3
       Bread ration      |       |       |     1 |     1 ||     2
       Pizza             |       |       |       |     1 ||     1
